 Dungeon Crawl Stone Soup version 0.23.1 (webtiles) character file.

Game seed: 17518356545766954946

56 Borgoz the Sneak (level 3, -2/27 HPs)
             Began as a Ghoul Enchanter on Mar 5, 2019.
             Slain by a crimson imp
             ... wielding a +0 whip
              (7 damage)
             ... on level 2 of the Dungeon.
             The game lasted 00:03:29 (2400 turns).

Borgoz the Sneak (Ghoul Enchanter)                  Turns: 2400, Time: 00:03:30

Health: -2/27      AC:  2    Str: 11    XL:     3   Next: 97%
Magic:  0/5        EV: 12    Int: 10    God:
Gold:   20         SH:  0    Dex: 10    Spells: 0/6 levels left

rFire    . . .     SeeInvis .   m - +0 short sword
rCold    + . .     Gourm    .   (no shield)
rNeg     + + +     Faith    .   b - +0 robe
rPois    ∞         Spirit   .   (no helmet)
rElec    .         Reflect  .   (no cloak)
rCorr    .         Harm     .   (no gloves)
MR       .....                  (no boots)
Stlth    ++........             (no amulet)
HPRegen  0.00/turn              l - ring of flight
MPRegen  0.09/turn              (no ring)

@: rotting
A: rotting body, claws 1, carnivore, cold resistance 1, negative energy
resistance 3, inhibited regeneration, torment resistance, unbreathing
a: Evoke Flight


You were on level 2 of the Dungeon.
You were not hungry.

You visited 1 branch of the dungeon, and saw 2 of its levels.

You collected 20 gold pieces.

Inventory:

Hand Weapons
 m - a +0 short sword (weapon)
Armour
 b - a +0 robe (worn)
Jewellery
 a - a +5 ring of evasion {unknown}
 l - a ring of flight (left claw)
Scrolls
 e - a scroll of random uselessness {unknown}
 i - a scroll of teleportation {unknown}
 k - a scroll of identify {unknown}
 n - a scroll of enchant armour {unknown}
Potions
 c - 2 potions of heal wounds
 g - 2 potions of ambrosia {unknown}
 h - a potion of might {unknown}
 j - a potion of berserk rage {unknown}
Comestibles
 d - a ration
 f - 4 chunks of flesh


   Skills:
 + Level 0.6 Fighting
 + Level 1.5 Short Blades
 + Level 2.1 Dodging
 + Level 3.7 Stealth
 + Level 2.1 Spellcasting
 + Level 2.8 Hexes
 + Level 0.3 Ice Magic


You couldn't memorise any spells.
You knew the following spells:

 Your Spells              Type           Power        Failure   Level  Hunger
a - Corona                Hex            #......      10%         1    ##.....
b - Ensorcelled Hibernat  Hex/Ice        #.....       24%         2    ###....
c - Confuse               Hex            #.......     28%         3    ####...

Your spell library contained the following spells:

 Spells                   Type           Power        Failure   Level  Hunger
 Tukima's Dance           Hex            #.......     28%         3    ####...
 Dazzling Spray           Conj/Hex       #.....       45%         3    ####...


Dungeon Overview and Level Annotations

Branches:
Dungeon (2/15)

Altars:


Innate Abilities, Weirdness & Mutations

Your body is rotting away.
You thrive on raw meat.
You are immune to poison.
You have sharp fingernails.
You are carnivorous and can eat meat at any time.
Your flesh is cold resistant. (rC+)
You are immune to negative energy. (rN+++)
You do not regenerate when monsters are visible.
You are immune to unholy pain and torment.
You can survive without breathing.


Message History

Aiming: Ensorcelled Hibernation (safe; 24% risk of failure)
Press: ? - help, Shift-Dir - straight line, f/p - crimson imp
Aim: a crimson imp, wielding a +0 whip and wearing a +4 ring of dexterity (lightly wounded, chance to defeat MR: 21%)
The crimson imp looks drowsy...
The helpless crimson imp fails to defend itself.
You puncture the crimson imp!
The crimson imp is severely wounded.
The crimson imp hits you with a +0 whip.
* * * LOW HITPOINT WARNING * * *
You hit the crimson imp but do no damage.
The crimson imp is severely wounded.
The crimson imp barely misses you.
You barely miss the crimson imp.
The crimson imp is severely wounded.
The crimson imp closely misses you.
You miss the crimson imp.
The crimson imp is heavily wounded.
The crimson imp closely misses you.
The crimson imp hits you with a +0 whip!
You die...

######## #.....
#....... #..... #
#....... #.... >#
#....... #..#.###.
#....... .##..^....
##.##### .........
#....#
#.#..5.#########..###
#.....@.).(.......#####
###.####(###...........
#....)(# ############
#......# #......<# #
#.#..... ####.#### # #
#####. #.# ### .# #.#
#.. .. #.# #.# .. #.#
#.#


You could see a crimson imp.

Vanquished Creatures
  An adder (D:2)
  A dart slug (D:1)
  A leopard gecko (D:2)
  8 bats
  2 giant cockroaches
  6 goblins
  7 hobgoblins
  2 jackals (D:1)
  A quokka (D:2)
  A ball python (D:2)
  4 frilled lizards (D:1)
  3 kobolds
  5 rats
42 creatures vanquished.

Notes
Turn   | Place    | Note
-------+----------+-------------------------------------------
     0 | D:1      | Borgoz the Ghoul Enchanter began the quest for the Orb.
     0 | D:1      | Reached XP level 1. HP: 14/14 MP: 2/2
    85 | D:1      | Reached skill level 1 in Short Blades
    92 | D:1      | Reached XP level 2. HP: 9/20 MP: 3/3
   300 | D:1      | Learned a level 2 spell: Ensorcelled Hibernation
  1199 | D:1      | Reached XP level 3. HP: 14/26 MP: 5/5
  2001 | D:2      | Learned a level 3 spell: Confuse
  2400 | D:2      | Slain by a crimson imp

Skill      XL: |  1  2  3 |
---------------+----------+-----
Short Blades   | 1 |  1.5
Spellcasting   | 2 |  2.1
Dodging        | 2 |  2.1
Fighting       | |  0.6
Stealth        | |  3.7
Hexes          | |  2.8
Ice Magic      | |  0.3

Action                   || total
-------------------------++-------
Melee: Dagger            ||   146
       Short sword       ||    39
 Cast: Corona            ||     3
       Ensorcelled Hiber ||     9
  Use: Scroll            ||     1
       Potion            ||     1
 Stab: Sleeping          ||     7
  Eat: Chunk             ||     7
Armor: Robe              ||    29
Dodge: Dodged            ||   116
